Avalanche vs Predators

Created - Wednesday, February 25, 2015 at 00:34

Goals
1 2 3 T
Avalanche 1 1 1 3
Predators 2 0 0 2
Shots
1 2 3 T
Avalanche 7 6 11 24
Predators 14 9 9 32

1st period

1. Predators , Patrice Bergeron 24 (Victor Bartley, Valtteri Filppula) at 0:29
2. Predators , Roman Josi 7 (Valtteri Filppula, Trevor Daley) at 5:35 (PP)
3. Avalanche , Brad Stuart 10 (Trevor Lewis, Joffrey Lupul) at 18:29 (PP)

Penalties :
Ryan McDonagh (Col) for Boarding (Minor) at 4:10, Evander Kane (Nsh) for High sticking (Minor) at 17:34, Lars Eller (Col) for Goalie Interference (Minor) at 19:13

2nd period

4. Avalanche , Lars Eller 12 (Joffrey Lupul, Ryan McDonagh) at 16:28

Penalties :
Corey Perry (Nsh) for Interference (Minor) at 19:32

3rd period

5. Avalanche , Ryan O'Reilly 32 (Rostislav Klesla) at 7:22

Penalties :
Joffrey Lupul (Col) for Holding (Minor) at 3:31, Benn Ferriero (Col) for Hooking (Minor) at 7:29, Ed Jovanovski (Nsh) for Holding (Minor) at 13:51

Goalie Stats

Jack Campbell (Col), 30 saves from 32 shots - (0.938), W, 3-5-0, 59:59 minutes
Viktor Fasth (Col), 0 saves from 0 shots - (0.000), 0:01 minutes
Kari Lehtonen (Nsh), 21 saves from 24 shots - (0.875), L, 38-17-4, 58:45 minutes

Players Stats for Avalanche

Player Name              G  A  P  +/- PIM S  H  SB GA TA FO     MP     PP MP  PK MP  
------------------------------------------------------------------------------------
Benn Ferriero            0  0  0   0  2   2  1  1  0  0  0/0    13:24   0:00   0:00 
Benoit Pouliot           0  0  0   0  0   0  0  0  0  0  0/0     2:13   0:00   0:00 
Brad Stuart              1  0  1   0  0   1  1  1  0  5  0/0    19:39   1:17   3:08 
Braydon Coburn           0  0  0   0  0   2  3  2  0  2  0/0    21:53   3:36   4:13 
Claude Giroux            0  0  0  -1  0   1  1  1  1  2  10/17  18:10   1:43   3:38 
Clayton Stoner           0  0  0   0  0   0  3  1  0  1  0/0    19:39   1:17   3:08 
Daniel Briere            0  0  0   1  0   0  0  0  1  0  3/8    16:31   0:51   0:00 
Joffrey Lupul            0  2  2   1  2   1  0  0  3  0  0/2    18:45   2:38   0:43 
Lars Eller               1  0  1   1  2   2  1  0  3  1  4/5    19:15   1:33   4:00 
Mike Ribeiro             0  0  0   0  0   1  1  0  2  0  1/3    12:32   3:06   0:43 
Morgan Rielly            0  0  0   1  0   2  0  0  1  2  0/0    12:44   0:00   0:37 
Rene Bourque             0  0  0   0  0   3  1  0  0  0  3/6    18:43   0:00   3:31 
Rostislav Klesla         0  1  1   1  0   2  0  0  0  2  0/0    12:07   0:00   0:00 
Ryan McDonagh            0  1  1   0  2   0  2  2  2  1  0/0    27:33   3:36   3:36 
Ryan O'Reilly            1  0  1   0  0   2  0  0  4  0  2/5    22:15   2:29   2:07 
Taylor Fedun             0  0  0   0  0   1  0  0  0  0  0/0     6:18   0:00   0:00 
Trevor Lewis             0  1  1   1  0   3  0  0  0  0  1/6    17:19   2:19   0:00 
Tyler Kennedy            0  0  0   0  0   1  0  0  0  0  0/1    13:20   0:00   0:00 

Players Stats for Predators

Player Name              G  A  P  +/- PIM S  H  SB GA TA FO     MP     PP MP  PK MP  
------------------------------------------------------------------------------------
Antoine Vermette         0  0  0  -1  0   0  2  0  2  0  7/11   19:37   3:50   2:14 
Ben Smith                0  0  0   0  0   0  0  0  0  0  0/0     0:00   0:00   0:00 
Brian Lashoff            0  0  0   0  0   1  0  0  0  3  0/0    13:10   0:00   1:04 
Cody Eakin               0  0  0  -1  0   1  2  0  3  0  0/0    10:36   0:00   1:31 
Corey Perry              0  0  0   1  2   3  3  0  2  0  1/2    21:58   3:50   0:00 
Damien Brunner           0  0  0  -1  0   0  0  1  0  0  1/2    13:28   0:00   0:00 
Ed Jovanovski            0  0  0  -2  2   2  0  5  0  0  0/0    18:26   1:52   0:25 
Eric Fehr                0  0  0   0  0   2  3  0  2  0  6/10   17:27   3:31   0:00 
Evander Kane             0  0  0  -1  2   4  4  0  4  0  1/2    20:02   3:31   2:23 
Matt Halischuk           0  0  0   0  0   3  0  0  0  0  0/1    13:16   0:00   0:00 
Nick Schultz             0  0  0   0  0   1  0  0  0  0  0/0    17:01   1:52   1:29 
Patrice Bergeron         1  0  1   0  0   2  3  1  1  0  7/13   16:39   3:31   0:00 
Patrick Maroon           0  0  0   0  0   1  1  0  1  0  1/1    13:16   0:00   0:00 
Roman Josi               1  0  1   1  0   3  1  1  1  2  0/0    28:25   5:29   3:24 
Tomas Plekanec           0  0  0  -1  0   0  2  1  1  1  5/11   13:34   0:00   3:38 
Trevor Daley             0  1  1  -2  0   2  2  5  0  3  0/0    27:15   5:29   3:24 
Valtteri Filppula        0  2  2   1  0   4  0  0  6  0  0/0    14:58   3:50   0:00 
Victor Bartley           0  1  1   1  0   3  1  1  0  0  0/0    15:41   0:00   0:00 

3 Stars

1 - Patrice Bergeron (Nsh)
2 - Roman Josi (Nsh)
3 - Valtteri Filppula (Nsh)

Power Play

Avalanche - 1 on 3 Attempt(s) - 33.33%
Predators - 1 on 4 Attempt(s) - 25.00%

Penalty Kill

Avalanche - 3 on 4 Attempt(s) - 75.00% - Score 0 goal in Penalty Kill
Predators - 2 on 3 Attempt(s) - 66.67% - Score 0 goal in Penalty Kill

Team Stat

Avalanche - Hits : 14 - Faceoff Wins : 24 - Blocked Shots : 8 - Penalty Minutes : 8
Predators - Hits : 24 - Faceoff Wins : 29 - Blocked Shots : 15 - Penalty Minutes : 6

Official

Referees : Unknown
Linesman : Unknown

Game Notes

Benoit Pouliot is injured at 9:32 of 1st period (Right Foot)
Claude Giroux is injured at 4:29 of 3rd period (Bruised Left Leg)
Jack Campbell is injured at 19:59 of 3rd period (Bruised Left Shoulder)
Viktor Fasth enters game at 19:59 of 3rd period

Finance

Level 1 -- Attendance: 4350 (72.50%) -- Ticket Income $382,800
Level 2 -- Attendance: 4921 (98.42%) -- Ticket Income $260,813
Level 3 -- Attendance: 1928 (96.40%) -- Ticket Income $59,768
Level 4 -- Attendance: 3203 (80.08%) -- Ticket Income $60,857
Luxury Box -- Attendance: 974 (97.40%) -- Ticket Income $175,320
Game was played at the Gaylord Entertainment Center'
Total Attendance: 15376 (85.42%)
Total Ticket Income: $939,558
Other Income: $460,383
Total Income: $1,399,941

Avalanche

5 vs 5 Forward 
   Center                   Left Wing                Right Wing               Time % Phy DF OF 
 1 Claude Giroux            Mike Ribeiro             Ryan O'Reilly            35     1   2  2  
 2 Lars Eller               Joffrey Lupul            Trevor Lewis             30     1   2  2  
 3 Daniel Briere            Benoit Pouliot           Rene Bourque             22     1   2  2  
 4 Claude Giroux            Tyler Kennedy            Benn Ferriero            13     1   2  2  

5 vs 5 Defense 
   Defense                  Defense                                           Time % Phy DF OF 
 1 Ryan McDonagh            Braydon Coburn                                    35     1   2  2  
 2 Brad Stuart              Clayton Stoner                                    30     1   2  2  
 3 Rostislav Klesla         Morgan Rielly                                     22     1   2  2  
 4 Taylor Fedun             Ryan McDonagh                                     13     1   2  2  

PowerPlay Forward 
   Center                   Left Wing                Right Wing               Time % Phy DF OF 
 1 Claude Giroux            Mike Ribeiro             Ryan O'Reilly            60     1   2  2  
 2 Lars Eller               Joffrey Lupul            Trevor Lewis             40     1   2  2  

PowerPlay Defense
   Defense                  Defense                                           Time % Phy DF OF 
 1 Ryan McDonagh            Braydon Coburn                                    60     1   2  2  
 2 Brad Stuart              Clayton Stoner                                    40     1   2  2  

Penalty Kill 4 Players Forward 
   Center                   Wing                     Time % Phy DF OF 
 1 Claude Giroux            Lars Eller               60     1   2  2  
 2 Mike Ribeiro             Joffrey Lupul            40     1   2  2  

Penalty Kill 4 Players Defense
   Defense                  Defense                  Time % Phy DF OF 
 1 Ryan McDonagh            Braydon Coburn           60     1   2  2  
 2 Brad Stuart              Clayton Stoner           40     1   2  2  

Penalty Kill - 3 Players Forward 
   Forward                                           Time % Phy DF OF 
 1 Claude Giroux                                     60     1   2  2  
 2 Mike Ribeiro                                      40     1   2  2  

Penalty Kill - 3 Players Defense
   Defense                  Defense                  Time % Phy DF OF 
 1 Ryan McDonagh            Braydon Coburn           60     1   2  2  
 2 Brad Stuart              Clayton Stoner           40     1   2  2  

4 vs 4 Forward 
   Center                   Wing                     Time % Phy DF OF 
 1 Claude Giroux            Benoit Pouliot           60     1   2  2  
 2 Mike Ribeiro             Joffrey Lupul            40     1   2  2  

4 vs 4 Defense
   Defense                  Defense                  Time % Phy DF OF 
 1 Ryan McDonagh            Braydon Coburn           60     1   2  2  
 2 Brad Stuart              Clayton Stoner           40     1   2  2  

Last Minutes Offensive
   Center                   Left Wing                Right Wing               Defense                  Defense                  
   Claude Giroux            Mike Ribeiro             Ryan O'Reilly            Ryan McDonagh            Braydon Coburn           

Last Minutes Defensive
   Center                   Left Wing                Right Wing               Defense                  Defense                  
   Claude Giroux            Mike Ribeiro             Ryan O'Reilly            Ryan McDonagh            Braydon Coburn           

Goaltenders
Starting : Jack Campbell            
Backup : Viktor Fasth             

Extra Forwards
Normal : Benoit Pouliot, Daniel Briere, Rene Bourque - PP : Benoit Pouliot, Daniel Briere - PK : Rene Bourque
Extra Defensemen
Normal : Rostislav Klesla, Morgan Rielly, Taylor Fedun - PP : Rostislav Klesla - PK : Morgan Rielly, Taylor Fedun
Penalty Shots
Claude Giroux, Rene Bourque, Mike Ribeiro, Joffrey Lupul, Lars Eller

Predators

5 vs 5 Forward 
   Center                   Left Wing                Right Wing               Time % Phy DF OF 
 1 Patrice Bergeron         Valtteri Filppula        Corey Perry              31     0   2  3  
 2 Antoine Vermette         Evander Kane             Damien Brunner           31     2   1  2  
 3 Eric Fehr                Patrick Maroon           Matt Halischuk           19     0   4  1  
 4 Tomas Plekanec           Cody Eakin               Corey Perry              19     0   1  4  

5 vs 5 Defense 
   Defense                  Defense                                           Time % Phy DF OF 
 1 Victor Bartley           Roman Josi                                        35     1   3  1  
 2 Ed Jovanovski            Trevor Daley                                      35     1   3  1  
 3 Nick Schultz             Brian Lashoff                                     15     1   4  0  
 4 Trevor Daley             Roman Josi                                        15     1   3  1  

PowerPlay Forward 
   Center                   Left Wing                Right Wing               Time % Phy DF OF 
 1 Antoine Vermette         Valtteri Filppula        Corey Perry              60     0   1  4  
 2 Patrice Bergeron         Evander Kane             Eric Fehr                40     1   1  3  

PowerPlay Defense
   Defense                  Defense                                           Time % Phy DF OF 
 1 Roman Josi               Trevor Daley                                      65     1   1  3  
 2 Ed Jovanovski            Nick Schultz                                      35     1   2  2  

Penalty Kill 4 Players Forward 
   Center                   Wing                     Time % Phy DF OF 
 1 Tomas Plekanec           Evander Kane             55     1   4  0  
 2 Antoine Vermette         Cody Eakin               45     1   3  1  

Penalty Kill 4 Players Defense
   Defense                  Defense                  Time % Phy DF OF 
 1 Trevor Daley             Roman Josi               55     1   4  0  
 2 Nick Schultz             Ed Jovanovski            45     1   4  0  

Penalty Kill - 3 Players Forward 
   Forward                                           Time % Phy DF OF 
 1 Tomas Plekanec                                    50     0   5  0  
 2 Antoine Vermette                                  50     1   4  0  

Penalty Kill - 3 Players Defense
   Defense                  Defense                  Time % Phy DF OF 
 1 Trevor Daley             Roman Josi               55     0   5  0  
 2 Nick Schultz             Victor Bartley           45     2   3  0  

4 vs 4 Forward 
   Center                   Wing                     Time % Phy DF OF 
 1 Patrice Bergeron         Corey Perry              50     1   2  2  
 2 Valtteri Filppula        Evander Kane             50     1   2  2  

4 vs 4 Defense
   Defense                  Defense                  Time % Phy DF OF 
 1 Trevor Daley             Roman Josi               55     1   3  1  
 2 Ed Jovanovski            Nick Schultz             45     1   3  1  

Last Minutes Offensive
   Center                   Left Wing                Right Wing               Defense                  Defense                  
   Patrice Bergeron         Valtteri Filppula        Corey Perry              Victor Bartley           Roman Josi               

Last Minutes Defensive
   Center                   Left Wing                Right Wing               Defense                  Defense                  
   Antoine Vermette         Evander Kane             Corey Perry              Victor Bartley           Roman Josi               

Goaltenders
Starting : Kari Lehtonen            
Backup : Anders Lindback          

Extra Forwards
Normal : Patrice Bergeron, Corey Perry, Tomas Plekanec - PP : Tomas Plekanec, Cody Eakin - PK : Antoine Vermette
Extra Defensemen
Normal : Roman Josi, Trevor Daley, Nick Schultz - PP : Nick Schultz - PK : Nick Schultz, Brian Lashoff
Penalty Shots
Patrice Bergeron, Eric Fehr, Corey Perry, Valtteri Filppula, Antoine Vermette

% Time on Ice - Avalanche

Lines # - Real PCT - Wanted PCT - Time Play
Normal Forward
1 - 17% - 35% - 7:55
2 - 28% - 30% - 13:01
3 - 27% - 22% - 12:53
4 - 28% - 13% - 13:20
Normal Defense
1 - 29% - 35% - 13:30
2 - 32% - 30% - 15:14
3 - 26% - 22% - 12:07
4 - 13% - 13% - 6:18
PP Forward
1 - 68% - 60% - 3:20
2 - 32% - 40% - 1:33
PP Defense
1 - 74% - 60% - 3:36
2 - 26% - 40% - 1:17
PK Forward
1 - 90% - 60% - 6:39
2 - 10% - 40% - 0:43
PK Defense
1 - 57% - 60% - 4:13
2 - 43% - 40% - 3:09
PK3 Forward
1 - 0% - 60%
2 - 0% - 40%
PK3 Defense
1 - 0% - 60%
2 - 0% - 40%
44 Forward
1 - 0% - 60%
2 - 0% - 40%
44 Defense
1 - 0% - 60%
2 - 0% - 40%
Last Minute Offensive  - 0:00
Last Minute Defensive  - 0:36
Total
Forward - 60:00
Defense - 60:00

% Time on Ice - Predators

Lines # - Real PCT - Wanted PCT - Time Play
Normal Forward
1 - 23% - 31% - 10:39
2 - 30% - 31% - 14:09
3 - 28% - 19% - 13:16
4 - 19% - 19% - 9:05
Normal Defense
1 - 33% - 35% - 15:22
2 - 34% - 35% - 16:05
3 - 26% - 15% - 12:06
4 - 8% - 15% - 3:36
PP Forward
1 - 52% - 60% - 3:50
2 - 48% - 40% - 3:32
PP Defense
1 - 74% - 65% - 5:29
2 - 26% - 35% - 1:53
PK Forward
1 - 74% - 55% - 3:38
2 - 26% - 45% - 1:15
PK Defense
1 - 70% - 55% - 3:24
2 - 30% - 45% - 1:29
PK3 Forward
1 - 0% - 50%
2 - 0% - 50%
PK3 Defense
1 - 0% - 55%
2 - 0% - 45%
44 Forward
1 - 0% - 50%
2 - 0% - 50%
44 Defense
1 - 0% - 55%
2 - 0% - 45%
Last Minute Offensive  - 0:36
Last Minute Defensive  - 0:00
Total
Forward - 60:00
Defense - 60:00

Play by Play

1st period


0:01 of 1st period - Claude Giroux wins face-off versus Patrice Bergeron in neutral zone.
0:03 of 1st period - Off-side.
0:04 of 1st period - Corey Perry wins face-off versus Claude Giroux in neutral zone.
0:25 of 1st period - Wrist shot by Valtteri Filppula.
0:25 of 1st period - Shot Blocked by Braydon Coburn.
0:27 of 1st period - Slapshot by Victor Bartley.
0:27 of 1st period - Deflect By Braydon Coburn.
0:27 of 1st period - Stopped by Jack Campbell with a rebound.
0:29 of 1st period - Wrist shot by Patrice Bergeron.
0:29 of 1st period - Goal by Patrice Bergeron - Avalanche : 0 - Predators : 1.
0:30 of 1st period - Lars Eller wins face-off versus Antoine Vermette in neutral zone.
0:41 of 1st period - Slapshot by Joffrey Lupul.
0:41 of 1st period - Shot Misses the Net.
0:43 of 1st period - Wrist shot by Clayton Stoner.
0:43 of 1st period - Deflect By Joffrey Lupul.
0:43 of 1st period - Shot Misses the Net.
0:43 of 1st period - Puck is out of play.
0:44 of 1st period - Antoine Vermette wins face-off versus Joffrey Lupul in Predators zone.
0:51 of 1st period - Brad Stuart is hit by Antoine Vermette and loses puck.
1:35 of 1st period - Snap shot by Benoit Pouliot.
1:35 of 1st period - Deflect By Daniel Briere.
1:35 of 1st period - Shot Misses the Net.
1:35 of 1st period - Puck is out of play.
1:36 of 1st period - Daniel Briere wins face-off versus Eric Fehr in Predators zone.
2:40 of 1st period - Snap shot by Corey Perry.
2:40 of 1st period - Shot Misses the Net.
2:42 of 1st period - Slapshot by Victor Bartley.
2:42 of 1st period - Deflect By Claude Giroux.
2:42 of 1st period - Stopped by Jack Campbell with a rebound.
3:16 of 1st period - Slapshot by Valtteri Filppula.
3:16 of 1st period - Stopped by Jack Campbell with a rebound.
3:19 of 1st period - Icing by Braydon Coburn.
3:20 of 1st period - Patrice Bergeron wins face-off versus Lars Eller in Avalanche zone.
3:21 of 1st period - Wrist shot by Corey Perry.
3:21 of 1st period - Shot Misses the Net.
3:49 of 1st period - Lars Eller is hit by Evander Kane and loses puck.
4:10 of 1st period - Minor Penalty to Ryan McDonagh for Boarding.
4:11 of 1st period - Patrice Bergeron wins face-off versus Claude Giroux in Avalanche zone.
4:58 of 1st period - Off-side.
4:59 of 1st period - Antoine Vermette wins face-off versus Joffrey Lupul in neutral zone.
5:01 of 1st period - Off-side.
5:02 of 1st period - Antoine Vermette wins face-off versus Mike Ribeiro in neutral zone.
5:05 of 1st period - Wrist shot by Valtteri Filppula.
5:05 of 1st period - Shot Misses the Net.
5:07 of 1st period - Snap shot by Valtteri Filppula.
5:07 of 1st period - Stopped by Jack Campbell with a rebound.
5:09 of 1st period - Slapshot by Ed Jovanovski.
5:09 of 1st period - Deflect By Antoine Vermette.
5:09 of 1st period - Shot Misses the Net.
5:09 of 1st period - Puck is out of play.
5:10 of 1st period - Antoine Vermette wins face-off versus Mike Ribeiro in Avalanche zone.
5:28 of 1st period - Snap shot by Corey Perry.
5:28 of 1st period - Shot Misses the Net.
5:30 of 1st period - Wrist shot by Trevor Daley.
5:30 of 1st period - Stopped by Jack Campbell with a rebound.
5:35 of 1st period - Slapshot by Roman Josi.
5:35 of 1st period - Deflect By Braydon Coburn.
5:35 of 1st period - Goal by Roman Josi - Avalanche : 0 - Predators : 2.
5:36 of 1st period - Claude Giroux wins face-off versus Eric Fehr in neutral zone.
8:26 of 1st period - Icing by Cody Eakin.
8:27 of 1st period - Eric Fehr wins face-off versus Ryan O'Reilly in Predators zone.
8:42 of 1st period - Slapshot by Trevor Daley.
8:42 of 1st period - Deflect By Matt Halischuk.
8:42 of 1st period - Stopped by Jack Campbell with a rebound.
9:18 of 1st period - Patrick Maroon is hit by Braydon Coburn and loses puck.
9:31 of 1st period - Benoit Pouliot is hit by Evander Kane.
9:32 of 1st period - Benoit Pouliot from Avalanche is injured at 9:32 of 1st period (Right Foot).
9:33 of 1st period - Claude Giroux wins face-off versus Patrice Bergeron in Avalanche zone.
11:52 of 1st period - Rostislav Klesla is hit by Corey Perry and loses puck.
12:07 of 1st period - Snap shot by Cody Eakin.
12:07 of 1st period - Stopped by Jack Campbell with a rebound.
12:09 of 1st period - Snap shot by Corey Perry.
12:09 of 1st period - Shot Misses the Net.
12:25 of 1st period - Snap shot by Patrice Bergeron.
12:25 of 1st period - Deflect By Valtteri Filppula.
12:25 of 1st period - Shot Misses the Net.
12:25 of 1st period - Puck is out of play.
12:26 of 1st period - Patrice Bergeron wins face-off versus Claude Giroux in Avalanche zone.
12:33 of 1st period - Wrist shot by Corey Perry.
12:33 of 1st period - Stopped by Jack Campbell with a rebound.
12:37 of 1st period - Snap shot by Valtteri Filppula.
12:37 of 1st period - Deflect By Patrice Bergeron.
12:37 of 1st period - Shot Hit the Post.
12:37 of 1st period - Puck is out of play.
12:38 of 1st period - Antoine Vermette wins face-off versus Claude Giroux in Avalanche zone.
13:25 of 1st period - Wrist shot by Patrick Maroon.
13:25 of 1st period - Deflect By Eric Fehr.
13:25 of 1st period - Stopped by Jack Campbell without a rebound.
13:26 of 1st period - Eric Fehr wins face-off versus Trevor Lewis in Avalanche zone.
13:45 of 1st period - Snap shot by Joffrey Lupul.
13:45 of 1st period - Shot Misses the Net.
13:55 of 1st period - Slapshot by Roman Josi.
13:55 of 1st period - Stopped by Jack Campbell with a rebound.
13:57 of 1st period - Wrist shot by Matt Halischuk.
13:57 of 1st period - Shot Misses the Net.
13:59 of 1st period - Slapshot by Victor Bartley.
13:59 of 1st period - Stopped by Jack Campbell without a rebound.
14:00 of 1st period - Claude Giroux wins face-off versus Patrice Bergeron in Avalanche zone.
14:11 of 1st period - Snap shot by Ryan O'Reilly.
14:11 of 1st period - Shot Blocked by Patrice Bergeron.
14:13 of 1st period - Slapshot by Mike Ribeiro.
14:13 of 1st period - Shot Blocked by Trevor Daley.
14:15 of 1st period - Backhand shot by Braydon Coburn.
14:15 of 1st period - Shot Misses the Net.
14:17 of 1st period - Snap shot by Ryan O'Reilly.
14:17 of 1st period - Shot Misses the Net.
14:19 of 1st period - Wrist shot by Braydon Coburn.
14:19 of 1st period - Shot Misses the Net.
14:38 of 1st period - Wrist shot by Ryan O'Reilly.
14:38 of 1st period - Stopped by Kari Lehtonen without a rebound.
14:39 of 1st period - Damien Brunner wins face-off versus Daniel Briere in Predators zone.
14:44 of 1st period - Brad Stuart is hit by Evander Kane and loses puck.
15:36 of 1st period - Snap shot by Trevor Lewis.
15:36 of 1st period - Stopped by Kari Lehtonen with a rebound.
15:38 of 1st period - Slapshot by Trevor Lewis.
15:38 of 1st period - Stopped by Kari Lehtonen with a rebound.
15:40 of 1st period - Wrist shot by Lars Eller.
15:40 of 1st period - Deflect By Roman Josi.
15:40 of 1st period - Stopped by Kari Lehtonen without a rebound.
15:41 of 1st period - Eric Fehr wins face-off versus Claude Giroux in Predators zone.
16:18 of 1st period - Snap shot by Tyler Kennedy.
16:18 of 1st period - Shot Blocked by Ed Jovanovski.
17:12 of 1st period - Snap shot by Evander Kane.
17:12 of 1st period - Stopped by Jack Campbell with a rebound.
17:14 of 1st period - Slapshot by Nick Schultz.
17:14 of 1st period - Shot Misses the Net.
17:34 of 1st period - Minor Penalty to Evander Kane for High sticking.
17:35 of 1st period - Claude Giroux wins face-off versus Tomas Plekanec in Predators zone.
17:55 of 1st period - Braydon Coburn is hit by Tomas Plekanec and loses puck.
18:04 of 1st period - Tomas Plekanec is hit by Mike Ribeiro.
18:27 of 1st period - Wrist shot by Trevor Lewis.
18:27 of 1st period - Stopped by Kari Lehtonen with a rebound.
18:29 of 1st period - Slapshot by Brad Stuart.
18:29 of 1st period - Goal by Brad Stuart - Avalanche : 1 - Predators : 2.
18:30 of 1st period - Ryan O'Reilly wins face-off versus Patrice Bergeron in neutral zone.
19:13 of 1st period - Minor Penalty to Lars Eller for Goalie Interference.
19:14 of 1st period - Claude Giroux wins face-off versus Patrice Bergeron in Avalanche zone.
19:14 of 1st period - Claude Giroux is hit by Trevor Daley.
19:26 of 1st period - Wrist shot by Claude Giroux.
19:26 of 1st period - Stopped by Kari Lehtonen with a rebound.
Goals for this period are 1 for Avalanche vs 2 for Predators.
Shots for this period are 7 for Avalanche vs 14 for Predators.

2nd period


0:01 of 2nd period - Antoine Vermette wins face-off versus Rene Bourque in neutral zone.
0:52 of 2nd period - Ryan McDonagh is hit by Trevor Daley and loses puck.
1:03 of 2nd period - Clayton Stoner is hit by Eric Fehr and loses puck.
1:13 of 2nd period - Penalty to Lars Eller is over, Lars Eller is back on ice.
1:14 of 2nd period - Patrice Bergeron is hit by Claude Giroux and loses puck.
2:01 of 2nd period - Nick Schultz is hit by Brad Stuart and loses puck.
3:26 of 2nd period - Slapshot by Joffrey Lupul.
3:26 of 2nd period - Stopped by Kari Lehtonen with a rebound.
3:28 of 2nd period - Backhand shot by Braydon Coburn.
3:28 of 2nd period - Deflect By Roman Josi.
3:28 of 2nd period - Stopped by Kari Lehtonen with a rebound.
3:30 of 2nd period - Slapshot by Braydon Coburn.
3:30 of 2nd period - Shot Blocked by Roman Josi.
3:53 of 2nd period - Roman Josi is hit by Ryan McDonagh and loses puck.
4:22 of 2nd period - Snap shot by Daniel Briere.
4:22 of 2nd period - Shot Blocked by Ed Jovanovski.
4:53 of 2nd period - Lars Eller is hit by Evander Kane.
5:46 of 2nd period - Off-side.
5:47 of 2nd period - Lars Eller wins face-off versus Tomas Plekanec in neutral zone.
5:52 of 2nd period - Slapshot by Ryan McDonagh.
5:52 of 2nd period - Deflect By Joffrey Lupul.
5:52 of 2nd period - Shot Misses the Net.
5:52 of 2nd period - Puck is out of play.
5:53 of 2nd period - Patrick Maroon wins face-off versus Trevor Lewis in Predators zone.
6:16 of 2nd period - Snap shot by Eric Fehr.
6:16 of 2nd period - Shot Blocked by Ryan McDonagh.
6:18 of 2nd period - Slapshot by Roman Josi.
6:18 of 2nd period - Shot Blocked by Braydon Coburn.
7:33 of 2nd period - Snap shot by Tyler Kennedy.
7:33 of 2nd period - Shot Misses the Net.
7:35 of 2nd period - Slapshot by Clayton Stoner.
7:35 of 2nd period - Shot Misses the Net.
7:45 of 2nd period - Brad Stuart is hit by Patrice Bergeron.
8:15 of 2nd period - Snap shot by Claude Giroux.
8:15 of 2nd period - Deflect By Tyler Kennedy.
8:15 of 2nd period - Shot Blocked by Ed Jovanovski.
8:15 of 2nd period - Puck is out of play.
8:16 of 2nd period - Claude Giroux wins face-off versus Tomas Plekanec in Predators zone.
8:33 of 2nd period - Wrist shot by Tomas Plekanec.
8:33 of 2nd period - Deflect By Corey Perry.
8:33 of 2nd period - Shot Misses the Net.
8:33 of 2nd period - Puck is out of play.
8:34 of 2nd period - Daniel Briere wins face-off versus Tomas Plekanec in Avalanche zone.
8:34 of 2nd period - Daniel Briere is hit by Cody Eakin.
9:36 of 2nd period - Icing by Victor Bartley.
9:37 of 2nd period - Tomas Plekanec wins face-off versus Claude Giroux in Predators zone.
9:56 of 2nd period - Wrist shot by Daniel Briere.
9:56 of 2nd period - Shot Blocked by Damien Brunner.
9:58 of 2nd period - Wrist shot by Rostislav Klesla.
9:58 of 2nd period - Shot Blocked by Trevor Daley.
10:00 of 2nd period - Snap shot by Daniel Briere.
10:00 of 2nd period - Shot Blocked by Trevor Daley.
10:12 of 2nd period - Snap shot by Mike Ribeiro.
10:12 of 2nd period - Stopped by Kari Lehtonen with a rebound.
10:14 of 2nd period - Slapshot by Morgan Rielly.
10:14 of 2nd period - Shot Blocked by Trevor Daley.
10:18 of 2nd period - Wrist shot by Tyler Kennedy.
10:18 of 2nd period - Shot Hit the Post.
10:20 of 2nd period - Snap shot by Morgan Rielly.
10:20 of 2nd period - Stopped by Kari Lehtonen with a rebound.
10:22 of 2nd period - Slapshot by Tyler Kennedy.
10:22 of 2nd period - Shot Blocked by Ed Jovanovski.
10:24 of 2nd period - Slapshot by Rostislav Klesla.
10:24 of 2nd period - Stopped by Kari Lehtonen without a rebound.
10:25 of 2nd period - Lars Eller wins face-off versus Matt Halischuk in Predators zone.
10:42 of 2nd period - Slapshot by Patrick Maroon.
10:42 of 2nd period - Shot Misses the Net.
10:44 of 2nd period - Slapshot by Brian Lashoff.
10:44 of 2nd period - Deflect By Matt Halischuk.
10:44 of 2nd period - Stopped by Jack Campbell without a rebound.
10:45 of 2nd period - Eric Fehr wins face-off versus Trevor Lewis in Avalanche zone.
10:56 of 2nd period - Snap shot by Eric Fehr.
10:56 of 2nd period - Stopped by Jack Campbell with a rebound.
10:58 of 2nd period - Snap shot by Patrick Maroon.
10:58 of 2nd period - Stopped by Jack Campbell with a rebound.
12:17 of 2nd period - Patrice Bergeron is hit by Braydon Coburn and loses puck.
14:32 of 2nd period - Wrist shot by Valtteri Filppula.
14:32 of 2nd period - Stopped by Jack Campbell with a rebound.
14:50 of 2nd period - Snap shot by Joffrey Lupul.
14:50 of 2nd period - Shot Misses the Net.
15:42 of 2nd period - Ryan McDonagh is hit by Patrice Bergeron.
15:46 of 2nd period - Snap shot by Tomas Plekanec.
15:46 of 2nd period - Shot Misses the Net.
16:00 of 2nd period - Snap shot by Claude Giroux.
16:00 of 2nd period - Shot Misses the Net.
16:26 of 2nd period - Slapshot by Joffrey Lupul.
16:26 of 2nd period - Shot Misses the Net.
16:28 of 2nd period - Wrist shot by Lars Eller.
16:28 of 2nd period - Goal by Lars Eller - Avalanche : 2 - Predators : 2.
16:29 of 2nd period - Mike Ribeiro wins face-off versus Eric Fehr in neutral zone.
16:40 of 2nd period - Brad Stuart is hit by Patrick Maroon and loses puck.
16:51 of 2nd period - Snap shot by Eric Fehr.
16:51 of 2nd period - Shot Misses the Net.
16:53 of 2nd period - Slapshot by Roman Josi.
16:53 of 2nd period - Stopped by Jack Campbell with a rebound.
17:23 of 2nd period - Roman Josi is hit by Rene Bourque and loses puck.
17:35 of 2nd period - Off-side.
17:36 of 2nd period - Lars Eller wins face-off versus Patrice Bergeron in neutral zone.
18:11 of 2nd period - Nick Schultz is hit by Ryan McDonagh and loses puck.
18:18 of 2nd period - Slapshot by Brian Lashoff.
18:18 of 2nd period - Stopped by Jack Campbell without a rebound.
18:19 of 2nd period - Eric Fehr wins face-off versus Daniel Briere in Avalanche zone.
18:28 of 2nd period - Snap shot by Matt Halischuk.
18:28 of 2nd period - Stopped by Jack Campbell with a rebound.
18:30 of 2nd period - Slapshot by Ed Jovanovski.
18:30 of 2nd period - Stopped by Jack Campbell without a rebound.
18:31 of 2nd period - Ryan O'Reilly wins face-off versus Damien Brunner in Avalanche zone.
19:22 of 2nd period - Rostislav Klesla is hit by Corey Perry and loses puck.
19:32 of 2nd period - Minor Penalty to Corey Perry for Interference.
19:33 of 2nd period - Tomas Plekanec wins face-off versus Claude Giroux in Predators zone.
19:45 of 2nd period - Wrist shot by Tomas Plekanec.
19:45 of 2nd period - Deflect By Evander Kane.
19:45 of 2nd period - Stopped by Jack Campbell without a rebound.
19:46 of 2nd period - Claude Giroux wins face-off versus Tomas Plekanec in Avalanche zone.
Goals for this period are 1 for Avalanche vs 0 for Predators.
Shots for this period are 6 for Avalanche vs 9 for Predators.

3rd period


0:01 of 3rd period - Claude Giroux wins face-off versus Evander Kane in neutral zone.
1:05 of 3rd period - Lars Eller is hit by Antoine Vermette and loses puck.
1:10 of 3rd period - Wrist shot by Antoine Vermette.
1:10 of 3rd period - Shot Misses the Net.
1:32 of 3rd period - Penalty to Corey Perry is over, Corey Perry is back on ice.
1:41 of 3rd period - Patrice Bergeron is hit by Clayton Stoner and loses puck.
1:52 of 3rd period - Snap shot by Patrice Bergeron.
1:52 of 3rd period - Shot Blocked by Clayton Stoner.
1:54 of 3rd period - Wrist shot by Corey Perry.
1:54 of 3rd period - Deflect By Claude Giroux.
1:54 of 3rd period - Stopped by Jack Campbell with a rebound.
1:56 of 3rd period - Snap shot by Ed Jovanovski.
1:56 of 3rd period - Stopped by Jack Campbell without a rebound.
1:57 of 3rd period - Daniel Briere wins face-off versus Eric Fehr in Avalanche zone.
2:14 of 3rd period - Snap shot by Ryan McDonagh.
2:14 of 3rd period - Deflect By Daniel Briere.
2:14 of 3rd period - Shot Blocked by Victor Bartley.
2:14 of 3rd period - Puck is out of play.
2:15 of 3rd period - Eric Fehr wins face-off versus Daniel Briere in Predators zone.
3:14 of 3rd period - Braydon Coburn is hit by Corey Perry and loses puck.
3:31 of 3rd period - Minor Penalty to Joffrey Lupul for Holding.
3:32 of 3rd period - Claude Giroux wins face-off versus Antoine Vermette in Avalanche zone.
4:05 of 3rd period - Snap shot by Patrice Bergeron.
4:05 of 3rd period - Shot Blocked by Brad Stuart.
4:29 of 3rd period - Snap shot by Evander Kane.
4:29 of 3rd period - Shot Blocked by Claude Giroux.
4:29 of 3rd period - Claude Giroux from Avalanche is injured at 4:29 of 3rd period (Bruised Left Leg).
4:30 of 3rd period - Rene Bourque wins face-off versus Antoine Vermette in Avalanche zone.
5:25 of 3rd period - Braydon Coburn is hit by Roman Josi and loses puck.
5:31 of 3rd period - Penalty to Joffrey Lupul is over, Joffrey Lupul is back on ice.
5:44 of 3rd period - Wrist shot by Patrice Bergeron.
5:44 of 3rd period - Shot Misses the Net.
5:46 of 3rd period - Slapshot by Nick Schultz.
5:46 of 3rd period - Deflect By Ryan McDonagh.
5:46 of 3rd period - Stopped by Jack Campbell with a rebound.
5:48 of 3rd period - Slapshot by Nick Schultz.
5:48 of 3rd period - Shot Blocked by Ryan McDonagh.
7:22 of 3rd period - Wrist shot by Ryan O'Reilly.
7:22 of 3rd period - Goal by Ryan O'Reilly - Avalanche : 3 - Predators : 2.
7:23 of 3rd period - Evander Kane wins face-off versus Daniel Briere in neutral zone.
7:29 of 3rd period - Minor Penalty to Benn Ferriero for Hooking.
7:30 of 3rd period - Rene Bourque wins face-off versus Antoine Vermette in Avalanche zone.
7:46 of 3rd period - Snap shot by Valtteri Filppula.
7:46 of 3rd period - Stopped by Jack Campbell with a rebound.
8:23 of 3rd period - Roman Josi is hit by Lars Eller and loses puck.
8:44 of 3rd period - Snap shot by Rene Bourque.
8:44 of 3rd period - Stopped by Kari Lehtonen with a rebound.
8:46 of 3rd period - Wrist shot by Rene Bourque.
8:46 of 3rd period - Stopped by Kari Lehtonen with a rebound.
8:48 of 3rd period - Wrist shot by Rene Bourque.
8:48 of 3rd period - Stopped by Kari Lehtonen without a rebound.
8:49 of 3rd period - Patrice Bergeron wins face-off versus Rene Bourque in Predators zone.
8:56 of 3rd period - Wrist shot by Evander Kane.
8:56 of 3rd period - Stopped by Jack Campbell without a rebound.
8:57 of 3rd period - Patrice Bergeron wins face-off versus Ryan O'Reilly in Avalanche zone.
9:29 of 3rd period - Penalty to Benn Ferriero is over, Benn Ferriero is back on ice.
9:42 of 3rd period - Wrist shot by Corey Perry.
9:42 of 3rd period - Stopped by Jack Campbell without a rebound.
9:43 of 3rd period - Tomas Plekanec wins face-off versus Tyler Kennedy in Avalanche zone.
10:02 of 3rd period - Slapshot by Ryan McDonagh.
10:02 of 3rd period - Shot Misses the Net.
10:04 of 3rd period - Wrist shot by Braydon Coburn.
10:04 of 3rd period - Stopped by Kari Lehtonen with a rebound.
10:06 of 3rd period - Slapshot by Braydon Coburn.
10:06 of 3rd period - Shot Blocked by Trevor Daley.
11:06 of 3rd period - Snap shot by Lars Eller.
11:06 of 3rd period - Shot Misses the Net.
11:08 of 3rd period - Slapshot by Rostislav Klesla.
11:08 of 3rd period - Stopped by Kari Lehtonen with a rebound.
12:19 of 3rd period - Victor Bartley is hit by Clayton Stoner and loses puck.
12:40 of 3rd period - Roman Josi is hit by Clayton Stoner and loses puck.
12:51 of 3rd period - Clayton Stoner is hit by Victor Bartley and loses puck.
13:06 of 3rd period - Ryan O'Reilly is hit by Eric Fehr and loses puck.
13:51 of 3rd period - Minor Penalty to Ed Jovanovski for Holding.
13:52 of 3rd period - Trevor Lewis wins face-off versus Tomas Plekanec in Predators zone.
14:05 of 3rd period - Snap shot by Mike Ribeiro.
14:05 of 3rd period - Shot Misses the Net.
14:07 of 3rd period - Slapshot by Braydon Coburn.
14:07 of 3rd period - Deflect By Mike Ribeiro.
14:07 of 3rd period - Shot Blocked by Tomas Plekanec.
14:07 of 3rd period - Puck is out of play.
14:08 of 3rd period - Tomas Plekanec wins face-off versus Trevor Lewis in Predators zone.
14:19 of 3rd period - Evander Kane is hit by Braydon Coburn and loses puck.
15:13 of 3rd period - Icing by Braydon Coburn.
15:14 of 3rd period - Antoine Vermette wins face-off versus Daniel Briere in Avalanche zone.
15:43 of 3rd period - Ryan O'Reilly is hit by Tomas Plekanec and loses puck.
15:51 of 3rd period - Penalty to Ed Jovanovski is over, Ed Jovanovski is back on ice.
17:04 of 3rd period - Slapshot by Tyler Kennedy.
17:04 of 3rd period - Stopped by Kari Lehtonen with a rebound.
17:06 of 3rd period - Slapshot by Morgan Rielly.
17:06 of 3rd period - Stopped by Kari Lehtonen with a rebound.
17:08 of 3rd period - Snap shot by Benn Ferriero.
17:08 of 3rd period - Stopped by Kari Lehtonen without a rebound.
17:09 of 3rd period - Rene Bourque wins face-off versus Corey Perry in Predators zone.
17:10 of 3rd period - Slapshot by Ryan McDonagh.
17:10 of 3rd period - Shot Misses the Net.
17:12 of 3rd period - Snap shot by Ryan McDonagh.
17:12 of 3rd period - Shot Blocked by Ed Jovanovski.
17:14 of 3rd period - Snap shot by Taylor Fedun.
17:14 of 3rd period - Deflect By Tomas Plekanec.
17:14 of 3rd period - Stopped by Kari Lehtonen with a rebound.
17:18 of 3rd period - Wrist shot by Benn Ferriero.
17:18 of 3rd period - Stopped by Kari Lehtonen without a rebound.
17:19 of 3rd period - Tomas Plekanec wins face-off versus Rene Bourque in Predators zone.
17:30 of 3rd period - Corey Perry is hit by Benn Ferriero and loses puck.
17:39 of 3rd period - Tyler Kennedy is hit by Cody Eakin and loses puck.
18:06 of 3rd period - Ryan McDonagh is hit by Eric Fehr and loses puck.
18:45 of 3rd period - Predators, Kari Lehtonen is pulled from the net.
18:49 of 3rd period - Snap shot by Evander Kane.
18:49 of 3rd period - Stopped by Jack Campbell without a rebound.
18:50 of 3rd period - Paul Maurice call a timeout for Predators.
18:50 of 3rd period - Patrice Bergeron wins face-off versus Ryan O'Reilly in Avalanche zone.
19:05 of 3rd period - Wrist shot by Tyler Kennedy.
19:05 of 3rd period - Shot Misses the Net.
19:13 of 3rd period - Tyler Kennedy is hit by Patrice Bergeron and loses puck.
19:21 of 3rd period - Wrist shot by Roman Josi.
19:21 of 3rd period - Shot Blocked by Benn Ferriero.
19:23 of 3rd period - Slapshot by Trevor Daley.
19:23 of 3rd period - Deflect By Brad Stuart.
19:23 of 3rd period - Stopped by Jack Campbell without a rebound.
19:24 of 3rd period - Patrice Bergeron wins face-off versus Trevor Lewis in Avalanche zone.
19:59 of 3rd period - Snap shot by Corey Perry.
19:59 of 3rd period - Deflect By Patrice Bergeron.
19:59 of 3rd period - Stopped by Jack Campbell without a rebound.
19:59 of 3rd period - Jack Campbell from Avalanche is injured at 19:59 of 3rd period (Bruised Left Shoulder).
19:59 of 3rd period - Viktor Fasth enters game.
Goals for this period are 1 for Avalanche vs 0 for Predators.
Shots for this period are 11 for Avalanche vs 9 for Predators.


Output by the SimonT Hockey Simulator (STHS) for Eric Dolegowski -- Original Page W3C XHTML 1.0 Valid
Hockey Simulator - Hockey Simulation - Hockey Manager